 Dungeon Crawl Stone Soup version 0.30.0-30-g96aa6591b8 (webtiles) character file.

Game seed: 11977013461180302499

1772 tizbic2 the Trooper (level 9, -4/75 HPs)
             Began as a Ghoul Monk on June 30, 2023.
             Was a Priest of Ru.
             Slain by a sky beast (6 damage)
             ... on level 8 of the Dungeon.
             The game lasted 00:25:15 (5342 turns).

tizbic2 the Trooper (Ghoul Monk)                    Turns: 5342, Time: 00:25:17

Health: -4/75      AC: 14    Str: 23    XL:     9   Next: 7%
Magic:  8/8        EV:  7    Int:  5    God:    Ru [***...]
Gold:   345        SH:  0    Dex: 13    Spells: 8/8 levels left

rFire   . . .        a - +2 morningstar
rCold   + . .        (no shield)
rNeg    + + +        b - +0 plate armour
rPois   ∞            (no helmet)
rElec   .            G - +0 cloak
rCorr   .            u - +0 pair of gloves
SInv    .            (no boots)
Will    .....        (no amulet) Stlth
                     h - +6 ring of strength
HPRegen 0.00/turn    y - +4 ring of slaying
MPRegen 0.11/turn

%: no passive effects
@: inhibited regen, unable to drink
A: claws 1, cold resistance 1, negative energy resistance 3, inhibited
regeneration, torment resistance 2, inability to drink after injury 2, inability
to use devices, devour on kill
a: Renounce Religion, Draw Out Power


You were on level 8 of the Dungeon.
You worshipped Ru.
Ru was most pleased with you.
You visited 1 branch of the dungeon, and saw 7 of its levels.

You collected 345 gold pieces.

Inventory:

Hand Weapons
 a - a +2 morningstar (weapon)
 k - a +0 mace
 w - a +0 sling
 z - a +0 arbalest
 F - a +2 short sword of electrocution
Missiles
 d - 9 atropa-tipped darts
 s - 6 poisoned darts (quivered)
 B - 2 boomerangs
Armour
 b - a +0 plate armour (worn)
 c - an orb of light
 t - a +0 ring mail of fire resistance
 u - a +0 pair of gloves (worn)
 G - a +0 cloak (worn)
Jewellery
 h - a +6 ring of strength (left hand)
 l - a ring of flight
 y - a +4 ring of slaying (right hand)
 D - a +6 ring of intelligence
 E - a +6 ring of intelligence
Wands
 v - a wand of paralysis (4)
Scrolls
 j - a scroll of blinking
 q - a scroll of identify
 r - 2 scrolls of teleportation
 x - 2 scrolls of vulnerability
Potions
 e - 3 potions of heal wounds {unknown}
 f - 4 potions of curing
 g - a potion of magic
 i - 4 potions of attraction {unknown}
 m - a potion of flight {unknown}
 n - a potion of cancellation {unknown}
 o - 3 potions of haste {unknown}
 p - 2 potions of mutation {unknown}
 A - a potion of lignification {unknown}
 C - a potion of ambrosia


   Skills:
 + Level 6.1 Fighting
 * Level 5.4 Maces & Flails
 + Level 5.1 Ranged Weapons
 * Level 2.7 Throwing
 + Level 3.9 Armour
 - Level 2.6 Dodging
 - Level 4.0 Unarmed Combat


You had 8 spell levels left.
You didn't know any spells.
Your spell library contained the following spells:

 Spells                   Type           Power      Damage    Failure   Level
 Kiss of Death            Conj/Necr      0%         2d5       100%        1
 Magic Dart               Conj           0%         1d3       100%        1
 Sandblast                Erth           0%         2d4       100%        1
 Passwall                 Tmut/Erth      0%         N/A       100%        2
 Searing Ray              Conj           0%         2d4       100%        2
 Ignite Poison            Fire/Tmut/Pois 0%         N/A       100%        3
 Stone Arrow              Conj/Erth      0%         3d7       100%        3
 Fulminant Prism          Conj/Hex       0%         3d5       100%        4
 Agony                    Necr           0%         N/A       100%        5
 Haunt                    Necr/Summ      0%         N/A       100%        7


Dungeon Overview and Level Annotations

Branches:
Dungeon (8/15)
 Temple: D:4-7         Lair: D:8-11

Altars:
Ru
Wu Jian

Annotations:
D:3 2 transporters, erynZofia's ghost, amateur GrHu


Innate Abilities, Weirdness & Mutations

You are immune to poison.
You have sharp fingernails.
Your flesh is cold resistant. (rC+)
You are immune to negative energy. (rN+++)
You do not regenerate when monsters are visible.
You are immune to unholy pain and torment.
You sometimes lose the ability to drink potions when taking damage.
You cannot study or use magical devices.
You thrive by killing the living.


Message History

Joseph completely misses you.
You puncture Joseph!
Joseph is severely wounded.
Joseph is stunned by your conviction and fails to attack.
You puncture Joseph!
Joseph is almost dead.
A sky beast comes into view.
Joseph hits you with a +0 quarterstaff.
* * * LOW HITPOINT WARNING * * *
You sock Joseph!
You kill Joseph!
The sky beast flickers out of sight!
Deactivating autopickup; reactivate with Ctrl-A.
Something hits you.
* * * LOW HITPOINT WARNING * * *
Something shocks you.
* * * LOW HITPOINT WARNING * * *
Your life force feels restored.
Your Fighting skill increases to level 6!
Your Maces & Flails skill increases to level 5!
Your Ranged Weapons skill increases to level 5!
Your Throwing skill increases to level 2!
You have reached level 9!
Your experience leads to an increase in your attributes!
Your base attributes are Str 15, Int 5, Dex 13.
Increase (S)trength, (I)ntelligence, or (D)exterity?
You feel stronger. x2
You hit something but do no damage.
You redirect something's attack!
You barely miss something.
You redirect something's attack!
You sock something! Something hits you but does no damage.
You sock something! Something hits you.
* * * LOW HITPOINT WARNING * * *
Something shocks you.
* * * LOW HITPOINT WARNING * * *
Something hits you.
* * * LOW HITPOINT WARNING * * *
Something shocks you.
You die...

##.#.......#......
#####....####++##
##...+ ###.#### .
#...#.## #.#
###......# ...#
#.......## .....
##......##..)...
#####..@{......
##.#.#..... #..#.#
... #...... .
#..#.... #.. .....
#.. .##... ... ##
..##


There were no monsters in sight!

Vanquished Creatures
  Joseph (D:8)
  A water moccasin (D:6)
  A black bear (D:5)
  A centaur (D:6)
  2 phantoms
  Blork the orc (D:5)
  2 scorpions
  A howler monkey (D:5)
  4 jellies
  A gnoll bouda (D:8)
  4 orc priests
  2 hounds
  2 sleepcaps
  Jessica (D:2)
  An orc wizard (D:3)
  3 iguanas (D:5)
  9 gnolls
  7 adders
  An ufetubus (D:4)
  A worm (D:2)
  A dart slug (D:4)
  8 orcs
  9 ball pythons
  4 endoplasms
  7 giant cockroaches
  5 hobgoblins
  3 jackals (D:5)
  3 quokkas
  9 bats
  A frilled lizard (D:1)
  5 goblins
  6 kobolds
  12 rats
119 creatures vanquished.

Vanquished Creatures (others)
  A sleepcap (D:6)
  An endoplasm (D:4)
2 creatures vanquished.

Grand Total: 121 creatures vanquished

Notes
Turn   | Place    | Note
-------+----------+-------------------------------------------
     0 | D:1      | tizbic2 the Ghoul Monk began the quest for the Orb.
     0 | D:1      | Reached XP level 1. HP: 19/19 MP: 0/0
   150 | D:1      | Reached XP level 2. HP: 25/26 MP: 1/1
   628 | D:2      | Reached XP level 3. HP: 33/33 MP: 2/2
   669 | D:2      | Reached skill level 1 in Armour
   798 | D:2      | Reached skill level 4 in Fighting
   905 | D:2      | Noticed Jessica
   916 | D:2      | Killed Jessica
   917 | D:2      | Reached skill level 1 in Ranged Weapons
   917 | D:2      | Reached XP level 4. HP: 39/40 MP: 3/3
  1412 | D:3      | Reached skill level 1 in Maces & Flails
  1421 | D:3      | Reached XP level 5. HP: 30/46 MP: 4/4
  1429 | D:3      | HP: 1/46 [orc priest/+0 short sword (6)]
  1614 | D:3      | Found a sacrificial altar of Ru.
  1625 | D:3      | Became a worshipper of Ru the Awakened
  1637 | D:3      | Gained mutation: You occasionally lose the ability to drink
                  | potions when taking damage. [Ru sacrifice]
  1637 | D:3      | Gained mutation: You sometimes lose the ability to drink
                  | potions when taking damage. [Ru sacrifice]
  1637 | D:3      | Reached * piety under Ru
  1773 | D:3      | Reached XP level 6. HP: 26/53 MP: 5/5
  1891 | D:3      | Found a transporter.
  2090 | D:3      | Found a transporter.
  2094 | D:3      | Noticed erynZofia's ghost (amateur GrHu)
  3170 | D:5      | Entered Level 5 of the Dungeon
  3196 | D:5      | Reached XP level 7. HP: 38/60 MP: 6/6
  3364 | D:5      | HP: 3/60 [gnoll/+0 halberd (4)]
  3367 | D:4      | HP: 1/60 [gnoll/+0 flail (2)]
  3711 | D:5      | Reached skill level 5 in Fighting
  3734 | D:5      | Noticed Blork the orc
  3890 | D:5      | Killed Blork the orc
  4073 | D:5      | Reached XP level 8. HP: 68/68 MP: 7/7
  4137 | D:5      | Got Kyd Xie's Information on Baneful Maleficent Rituals
  4730 | D:6      | Found an ornate altar of the Wu Jian Council.
  4731 | D:6      | Gained mutation: You cannot study or use magical devices.
                  | [Ru sacrifice]
  4731 | D:6      | Reached ** piety under Ru
  4731 | D:6      | Reached *** piety under Ru
  5012 | D:6      | Reached skill level 1 in Throwing
  5073 | D:6      | You are sucked into a shaft and drop 2 floors!
  5328 | D:8      | Noticed Joseph
  5338 | D:8      | Killed Joseph
  5339 | D:8      | Reached skill level 6 in Fighting
  5339 | D:8      | Reached skill level 5 in Maces & Flails
  5339 | D:8      | Reached skill level 5 in Ranged Weapons
  5339 | D:8      | Reached XP level 9. HP: 14/75 MP: 8/8
  5342 | D:8      | HP: 2/75 [something (3)]
  5342 | D:8      | Slain by a sky beast

Illustrated notes

Levels and vault maps discovered:
D:1:      roderic_dead_forest, layout_loops_ring, minmay_surrounded
D:2:      layout_basic, uniq_jessica
D:3:      layout_basic, nicolae_ru_awakened_eye, gammafunk_ghost_mausoleum,
          uniq_crazy_yiuf_cottage
D:4:      layout_cave_pods
D:5:      layout_basic, portal_sewer_entry_d, uniq_blork_the_orc
D:6:      layout_rooms, nicolae_overflow_hidden_temple, minmay_door_square
D:8:      layout_cave_pools, serial_shops, nicolae_shop_hallway_stairs,
          uniq_joseph

Skill      XL: |  1  2  3  4  5  6  7  8 |
---------------+-------------------------+-----
Armour         | 1 2 3 |  3.9
Unarmed Combat | 4 |  4.0
Fighting       | 4 5 6 |  6.1
Ranged Weapons | 1 2 3 4 5 |  5.1
Maces & Flails | 1 2 3 4 5 |  5.4
Throwing       | 2 |  2.7
Dodging        | |  2.6

Action                     |  1- 3 |  4- 6 |  7- 9 || total
---------------------------+-------+-------+-------++-------
  Melee: Unarmed           |    59 |       |       ||    59
         Morningstar       |     6 |    97 |   123 ||   226
         Mace              |       |    10 |     1 ||    11
   Fire: Sling             |    30 |    69 |    19 ||   118
         Arbalest          |       |       |     3 ||     3
  Throw: Dart              |     1 |       |     1 ||     2
         Boomerang         |       |       |     3 ||     3
 Invoke: Sacrifice Drink   |       |     1 |       ||     1
         Draw Out Power    |       |       |     1 ||     1
         Sacrifice Artific |       |       |     1 ||     1
    Use: Scroll            |     6 |     4 |     3 ||    13
         Potion            |       |     1 |       ||     1
 Armour: Robe              |    15 |       |       ||    15
         Ring mail         |     9 |    15 |       ||    24
         Plate armour      |       |    71 |   103 ||   174
  Dodge: Dodged            |    56 |    58 |    50 ||   164
